 Dungeon Crawl Stone Soup version 0.21-a0-238-geb0acef (webtiles) character file.

46 Monsterracer the Ruffian (level 3, 0/28 HPs)
             Began as a Draconian Transmuter on Sept 2, 2017.
             Succumbed to an adder's poison
             ... on level 2 of the Dungeon.
             The game lasted 00:02:10 (1149 turns).

Monsterracer the Ruffian (Draconian Transmuter)     Turns: 1149, Time: 00:02:11

Health: 0/28       AC:  5    Str: 15 (17) XL:     3   Next: 44%
Magic:  15/15      EV: 12    Int: 12 (14) God:
Gold:   24         SH:  0    Dex:  9 (11) Spells: 0/6 levels left

rFire    . . .     SeeInvis .   m - +0 whip (venom)
rCold    . . .     Gourm    .   (no shield)
rNeg     . . .     Faith    .   (armour unavailable)
rPois    .         Spirit   .   (helmet restricted)
rElec    .         Reflect  .   (no cloak)
rCorr    .         Harm     .   (no gloves)
MR       .....                  (no boots)
Stlth    +.........             (no amulet)
HPRegen  0.09/turn              i - ring of magical power
MPRegen  0.14/turn              (no ring)

@: mighty, lethally poisoned (0 -> -12), flying
A: unfitting armour, cold-blooded, AC +5
a: no special abilities


You were on level 2 of the Dungeon.
You were not hungry.

You visited 1 branch of the dungeon, and saw 2 of its levels.

You collected 24 gold pieces.

Inventory:

Hand Weapons
 m - a +0 whip of venom (weapon)
Missiles
 a - 51 arrows
Jewellery
 i - a ring of magical power (left hand)
Scrolls
 d - a scroll of blinking
 g - a scroll of identify
Books
 b - a book of Changes

   Spells                             Type                      Level
   a - Beastly Appendage              Transmutation                1
   b - Sticks to Snakes               Transmutation                2
   c - Spider Form                    Transmutation/Poison         3
   d - Ice Form                       Ice/Transmutation            4
   e - Blade Hands                    Transmutation                5
Comestibles
 c - a bread ration
 k - 3 chunks of flesh


   Skills:
 - Level 1.1 Fighting
 - Level 1.7 Dodging
 + Level 3.9 Unarmed Combat
 - Level 2.0 Spellcasting
 + Level 3.0 Transmutations


You couldn't memorise any spells.
You knew the following spells:

 Your Spells              Type           Power        Failure   Level  Hunger
a - Beastly Appendage     Tmut           #.....       8%          1    ##.....
b - Sticks to Snakes      Tmut           #.......     12%         2    ###....
c - Spider Form           Tmut/Pois      #.........   41%         3    ####...


Dungeon Overview and Level Annotations

Branches:
Dungeon (2/15)

Altars:


Innate Abilities, Weirdness & Mutations

Your plain brown scales are hard. (AC +5)
You cannot fit into any form of body armour.
You are cold-blooded and may be slowed by cold attacks.


Message History

* * * LOW HITPOINT WARNING * * *
You feel sick.
You see here an adder corpse.
Huge Dmg: -7%(-2hp) hp: 22%(6hp)
* * * LOW HITPOINT WARNING * * *
You feel sick.
Damage: -4%(-1hp) hp: 18%(5hp)
* * * LOW HITPOINT WARNING * * *
You feel sick.
Damage: -3%(-1hp) hp: 15%(4hp)
* * * LOW HITPOINT WARNING * * *
You feel sick.
Huge Dmg: -4%(-1hp) hp: 11%(3hp)
* * * LOW HITPOINT WARNING * * *
You feel sick.
Huge Dmg: -3%(-1hp) hp: 8%(2hp)
* * * LOW HITPOINT WARNING * * *
You feel sick.
Huge Dmg: -4%(-1hp) hp: 4%(1hp)
You die...

###.........§§§§§...#
..........#.##§§§.§.#
.......#.##.§§§§§.§.#
......##.##.##§§§§..#
###... ..##.##§§§...#
...[.((......§######
#####..........#
#.#####.#######
#...@.......
#.##.####### # #.#
..# ###


There were no monsters in sight!

Vanquished Creatures
  An adder (D:2)
  A dart slug (D:1)
  A leopard gecko (D:1)
  4 bats (D:1)
  5 goblins
  2 hobgoblins (D:1)
  2 jackals (D:1)
  3 frilled lizards (D:1)
  4 kobolds
  4 rats
27 creatures vanquished.

Vanquished Creatures (collateral kills)
  An adder (D:2)
1 creature vanquished.

Grand Total: 28 creatures vanquished

Notes
Turn   | Place    | Note
-------+----------+-------------------------------------------
     0 | D:1      | Monsterracer the Draconian Transmuter began the quest for the Orb.
     0 | D:1      | Reached XP level 1. HP: 16/16 MP: 3/3
    37 | D:1      | HP: 5/16 [leopard gecko (5)]
   287 | D:1      | Reached XP level 2. HP: 23/23 MP: 5/5
   291 | D:1      | Learned a level 2 spell: Sticks to Snakes
   520 | D:1      | HP: 10/23 [hobgoblin/club (3)]
  1084 | D:2      | Reached XP level 3. HP: 25/28 MP: 6/6
  1089 | D:2      | Learned a level 3 spell: Spider Form
  1130 | D:2      | HP: 13/28 [adder (3)]
  1133 | D:2      | HP: 6/28 [poisoned by an adder]
  1139 | D:2      | HP: 13/28 [poisoned by an adder]
  1143 | D:2      | HP: 6/28 [poisoned by an adder]
  1147 | D:2      | HP: 2/28 [poisoned by an adder]
  1149 | D:2      | Succumbed to an adder's poison

Vault maps used:
D:1:      shiori_shiawase, minmay_pentomino_p4
D:2:      overflow_temple_1_default, chequers_ecumenical_altar_simple_redux,
          first_bread

Skill      XL: |  1  2  3 |
---------------+----------+-----
Transmutations | 3 |  3.0
Fighting       | |  1.1
Dodging        | |  1.7
Unarmed Combat | |  3.9
Spellcasting   | |  2.0

Action                   || total
-------------------------++-------
Melee: Unarmed           ||   103
       Tailslap          ||     6
       Kick              ||     1
       Headbutt          ||     1
       Whip              ||     5
 Cast: Beastly Appendage ||     3
       Sticks to Snakes  ||     1
  Use: Potion            ||     4
       Scroll            ||     2
 Stab: Sleeping          ||     1
  Eat: Chunk             ||     1
Armor: Skin              ||    36
Dodge: Dodged            ||    73

Table legend:
 A = Spawn XP
 B = Non-spawn XP
 C = Spawn XP percentage of total XP
 D = Spawn monster count
 E = Non-spawn monster count
 F = Spawn count percentage of total count
 G = Total turns spent on level
                    A         B        C        D         E        F      G
               +---------+---------+-------+---------+---------+-------+---------
         Total |       6 |      60 |   9.1 |       4 |      24 |  14.3 |  1149
               +---------+---------+-------+---------+---------+-------+---------
           D:1 |       6 |      33 |  15.4 |       4 |      19 |  17.4 |  1077
           D:2 |       0 |      27 |   0.0 |       0 |       5 |   0.0 |    72
               +---------+---------+-------+---------+---------+-------+---------
